 Dungeon Crawl Stone Soup version 0.28-a0-1395-g4f6bc678fa (webtiles) character file.

Game seed: 5973267342899196077

109 HallandMoats the Skirmisher (level 4, 0/35 HPs)
             Began as a Demonspawn Fighter on Jan 5, 2022.
             Was a Follower of Cheibriados.
             Succumbed to a kobold brigand's poison
             ... on level 4 of the Dungeon.
             The game lasted 00:04:15 (2974 turns).

HallandMoats the Skirmisher (Demonspawn Fighter)    Turns: 2974, Time: 00:04:16

Health: 0/35       AC:  6    Str: 20    XL:     4   Next: 59%
Magic:  2/6        EV: 10    Int: 12    God:    Cheibriados [*.....]
Gold:   201        SH:  5    Dex: 17    Spells: 3/3 levels left

rFire   . . .      SeeInvis .   a - +0 war axe
rCold   . . .      Faith    .   c - +0 buckler
rNeg    . . .      Spirit   .   b - +0 scale mail
rPois   .          Reflect  .   (helmet restricted)
rElec   .          Harm     .   (no cloak)
rCorr   .          Rampage  .   (no gloves)
Will    .....                   (no boots)
Stlth   ..........              (no amulet)
HPRegen 0.11/turn               (no ring)
MPRegen 0.10/turn               (no ring)

@: lethally poisoned (0 -> -7), very slow
A: antennae 1, spiny 2
a: Renounce Religion, Bend Time


You were on level 4 of the Dungeon.
You worshipped Cheibriados.
Cheibriados was aware of your devotion.
You visited 1 branch of the dungeon, and saw 4 of its levels.

You collected 201 gold pieces.

Inventory:

Hand Weapons
 a - a +0 war axe (weapon)
Armour
 b - a +0 scale mail (worn)
 c - a +0 buckler (worn)
Jewellery
 g - a ring of see invisible
Scrolls
 i - a scroll of identify {unknown}
 k - a scroll of fear {unknown}
 l - a scroll of teleportation {unknown}
 n - a scroll of immolation {unknown}
Potions
 d - 3 potions of might
 e - a potion of degeneration {unknown}
 f - a potion of flight {unknown}
 h - 3 potions of curing {unknown}
 j - a potion of mutation {unknown}
 m - 3 potions of resistance {unknown}
 o - a potion of haste {unknown}


   Skills:
 + Level 3.3 Fighting
 + Level 2.3 Axes
 + Level 3.0 Armour
 + Level 1.0 Dodging
 + Level 3.0 Shields
 * Level 3.3 Invocations


You had 3 spell levels left.
You didn't know any spells.
Your spell library was empty.

Dungeon Overview and Level Annotations

Branches:
Dungeon (4/15)
 Temple: D:4-7

Altars:
Cheibriados
Nemelex Xobeh
Vehumet

Shops:
D:1 [


Innate Abilities, Weirdness & Mutations

You have a pair of small antennae on your head.
You are mostly covered in sharp spines.


Message History

You are too injured to fight recklessly!
You are too injured to fight recklessly!
You are too injured to fight recklessly!
You are too injured to fight recklessly!
You are too injured to fight recklessly!
You are too injured to fight recklessly!
You are too injured to fight recklessly!
You are too injured to fight recklessly!
You are too injured to fight recklessly!
You are too injured to fight recklessly!
You are too injured to fight recklessly!
You are too injured to fight recklessly!
You are too injured to fight recklessly!
You are too injured to fight recklessly!
You are too injured to fight recklessly!
You are too injured to fight recklessly!
You are too injured to fight recklessly!
You are too injured to fight recklessly!
You are too injured to fight recklessly!
The flow of time bends around you.
Cheibriados rebukes the ogre.
The ogre seems to slow down.
Found a scroll labelled LUS JEJYOLUJOI.
The ogre is no longer moving slowly.
The flow of time bends around you.
Okay, then.
You slash the ogre!
The ogre is moderately wounded.
The ogre hits you with a +0 giant spiked club!
* * * LOW HITPOINT WARNING * * *
Unknown command.
You block the ogre's attack.
Found a black potion.
A hound and a kobold brigand come into view.
The kobold brigand is wielding a +0 dagger and quivering poisoned darts.
You block the ogre's attack.
The kobold brigand throws a poisoned dart.
The poisoned dart hits you!
You are lethally poisoned!
You die...

#.......#.....
#....#.##..#
###..........###
...............
#.##....#..#..###
.. ..#......#..#
#. #.#...#..#
.### .
.#.#...#O.#.....
.....:.@...K.....
........h........
##..#.#..........
#..#.#......##..
. !........ .
.#.#.....###.
..#.#...... #. #
#...#.##


You could see a kobold brigand, an ogre and a hound.

Vanquished Creatures
  Jessica (D:3)
  3 adders
  4 orcs (D:2)
  6 bats
  3 endoplasms
  2 giant cockroaches (D:1)
  3 goblins
  8 hobgoblins
  6 jackals
  A quokka (D:1)
  A ball python (D:1)
  2 frilled lizards
  5 kobolds
  2 rats
47 creatures vanquished.

Vanquished Creatures (others)
  4 toadstools (D:1)
4 creatures vanquished.

Grand Total: 51 creatures vanquished

Notes
Turn   | Place    | Note
-------+----------+-------------------------------------------
     0 | D:1      | HallandMoats the Demonspawn Fighter began the quest for the
                  | Orb.
     0 | D:1      | Reached XP level 1. HP: 18/18 MP: 1/1
   144 | D:1      | Reached skill level 1 in Invocations
   168 | D:1      | Gained mutation: You have a pair of small antennae on your
                  | head. [demonic ancestry]
   168 | D:1      | Reached XP level 2. HP: 16/24 MP: 2/2
   695 | D:1      | Found Awylehu's Armour Shoppe.
  1119 | D:2      | Gained mutation: You are partially covered in sharp spines.
                  | [demonic ancestry]
  1119 | D:2      | Reached XP level 3. HP: 23/29 MP: 4/4
  1351 | D:2      | Found a faded altar of an unknown god.
  1915 | D:2      | Prayed at the altar of an unknown god.
  1915 | D:2      | Became a worshipper of Cheibriados the Contemplative
  1915 | D:2      | Reached * piety under Cheibriados
  1967 | D:3      | Gained mutation: You are mostly covered in sharp spines.
                  | [demonic ancestry]
  1967 | D:3      | Reached XP level 4. HP: 30/35 MP: 4/6
  2153 | D:3      | Found a radiant altar of Vehumet.
  2302 | D:3      | Found a sparkling altar of Nemelex Xobeh.
  2326 | D:3      | Noticed Jessica
  2329 | D:3      | Killed Jessica
  2330 | D:3      | Reached skill level 1 in Dodging
  2950 | D:4      | Noticed an ogre
  2968 | D:4      | HP: 1/35 [ogre (17)]
  2972 | D:4      | Noticed a kobold brigand
  2974 | D:4      | Succumbed to a kobold brigand's poison

Illustrated notes

Levels and vault maps discovered:
D:1:      ldierk_walled_garden_2, layout_basic, serial_shops,
          nicolae_square_shop, minmay_pentomino_t4
D:2:      layout_loops_ring, ebering_ecumenical_altar_box, wad_orctagon
D:3:      layout_loops_corners, nicolae_overflow_hidden_temple,
          mainiacjoe_overflow_concentric_impassable, uniq_jessica
D:4:      layout_basic, minmay_temple_entry_nine_rooms

Skill      XL: |  1  2  3  4 |
---------------+-------------+-----
Invocations    | 1 2 3 |  3.3
Axes           | 2 |  2.3
Shields        | 3 |  3.0
Armour         | 3 |  3.0
Dodging        | 1 |  1.0
Fighting       | |  3.3

Action                   |  1- 3 |  4- 6 || total
-------------------------+-------+-------++-------
Melee: War axe           |    21 |    13 ||    34
       Dagger            |   114 |       ||   114
Invok: Bend Time         |       |     2 ||     2
Armor: Scale mail        |    43 |     4 ||    47
Dodge: Dodged            |    63 |     7 ||    70
Block: Buckler           |    25 |     7 ||    32

Table legend: (Time is in decaauts)
 A = Elapsed time spent in this place.
 B = Non-inter-level travel time spent in this place.
 C = Inter-level travel time spent in this place.
 D = Time resting spent in this place.
 E = Time spent auto-exploring this place.
 F = Levels seen in this place.
 G = Mean time per level.
                   A        B        C        D        E       F      G
               +--------+--------+--------+--------+--------+-----+--------+
         Total |   3302 |   3226 |     76 |     88 |   2790 |   4 |  825.5 |
       Dungeon |   3302 |   3226 |     76 |     88 |   2790 |   4 |  825.5 |
               +--------+--------+--------+--------+--------+-----+--------+

Top non-repeatable levels by time:
     D:3: 1353 daAuts
     D:1: 972 daAuts
     D:2: 943 daAuts
     D:4: 33 daAuts
